[Event "Czech Youth U12 Boys 2024"]
[Site "Kouty nad Desnou"]
[Date "2024.03.15"]
[Round "8.11"]
[White "Fadrny, Jachym"]
[Black "Broz, Pavel"]
[Result "1-0"]
[ECO "D35"]
[WhiteElo "1729"]
[BlackElo "1911"]
[Annotator "RC"]
[PlyCount "77"]
[EventDate "2024.03.10"]
[EventType "swiss"]
[EventCountry "CZE"]
[SourceTitle "playchess.com"]
[Source "ChessBase"]
[SourceQuality "1"]
[TimeControl "40/5400+30:1800+30"]

1. d4 d5 2. c4 e6 3. Nc3 Nf6 4. cxd5 exd5 5. Bg5 Be7 6. e3 h6 7. Bh4 O-O 8. Bd3 Nc6 9. h3 Be6 10. Nf3 a6 11. a3 Ne4 12. Nxe4 dxe4 13. Bxe7 Qxe7 14. Bxe4 Bxh3 15. Bxc6 Bxg2 16. Rg1 Bxf3 17. Bxf3 Qh4 18. Qd3 Rfe8 19. Ke2 Rad8 20. Rg4 Qf6 21. Rag1 g5 22. Re4 Rxe4 23. Bxe4 c5 24. Rd1 h5 25. Qc3 Qe6 26. Qxc5 f6 27. Qf5 Qxf5 28. Bxf5 h4 29. Rc1 Rd6 30. Rc8+ Kf7 31. Rc7+ Kf8 32. Rxb7 Rd5 33. Be4 Ra5 34. Rb6 Ke7 35. Bd3 f5 36. Rxa6 Rxa6 37. Bxa6 g4 38. Kf1 h3 39. Bc8 1-0

[Event "Czech Youth U12 Boys 2024"]
[Site "Kouty nad Desnou"]
[Date "2024.03.15"]
[Round "8.12"]
[White "Novotny, Adam"]
[Black "Zvolanek, Vojtech"]
[Result "1-0"]
[ECO "C54"]
[WhiteElo "2072"]
[BlackElo "1411"]
[Annotator "RC"]
[PlyCount "61"]
[EventDate "2024.03.10"]
[EventType "swiss"]
[EventCountry "CZE"]
[SourceTitle "playchess.com"]
[Source "ChessBase"]
[SourceQuality "1"]
[TimeControl "40/5400+30:1800+30"]

1. e4 e5 2. Nf3 Nc6 3. Bc4 Bc5 4. c3 Nf6 5. d4 exd4 6. cxd4 Bb4+ 7. Bd2 Bxd2+ 8. Nbxd2 O-O 9. Qb3 Ne7 10. e5 Ng4 11. Ng5 Nh6 12. O-O d5 13. exd6 cxd6 14. Bd3 Ng6 15. Ndf3 Bg4 16. Bxg6 hxg6 17. Qxb7 Qb8 18. Qxb8 Raxb8 19. b3 Rbc8 20. Rac1 Rfe8 21. h3 Be6 22. Rfe1 Bd5 23. Rxe8+ Rxe8 24. h4 Bb7 25. Rc7 Rb8 26. Rd7 d5 27. b4 a6 28. a4 Bc6 29. Rd6 Bb7 30. b5 axb5 31. axb5 1-0

[Event "Czech Youth U12 Boys 2024"]
[Site "Kouty nad Desnou"]
[Date "2024.03.16"]
[Round "9.1"]
[White "Velim, Vojtech"]
[Black "Honcharov, Makar"]
[Result "1/2-1/2"]
[ECO "A48"]
[WhiteElo "1889"]
[BlackElo "1872"]
[Annotator "NA RC"]
[PlyCount "63"]
[EventDate "2024.03.10"]
[EventType "swiss"]
[EventCountry "CZE"]
[SourceTitle "playchess.com"]
[Source "ChessBase"]
[SourceQuality "1"]
[TimeControl "40/5400+30:1800+30"]

1. Nf3 Nf6 2. d4 g6 3. c4 Bg7 4. Nc3 O-O 5. Bg5 d6 6. e3 h6 7. Bh4 g5 8. Bg3 Nh5 9. Bd3 Nxg3 10. hxg3 e5 11. dxe5 dxe5 12. Be4 c6 13. Qe2 f5 14. Bc2 Be6 15. Rd1 Qe7 16. a3 Qf7 17. Nd2 Nd7 18. g4 fxg4 19. Nce4 Nf6 20. Nxf6+ Qxf6 21. Ne4 Qe7 22. c5 Bf5 23. Rd6 Rad8 24. Qc4+ Kh7 25. Ng3 Bxc2 26. Qxc2+ Kg8 27. Nf5 Rxf5 28. Qxf5 Rxd6 29. cxd6 Qxd6 30. Qc8+ Kh7 31. Qf5+ Kg8 32. Qc8+ 1/2-1/2

[Event "Czech Youth U12 Boys 2024"]
[Site "Kouty nad Desnou"]
[Date "2024.03.16"]
[Round "9.2"]
[White "Policar, Martin"]
[Black "Sochor, Vaclav"]
[Result "0-1"]
[ECO "A06"]
[WhiteElo "1758"]
[BlackElo "1826"]
[Annotator "NA RC"]
[PlyCount "84"]
[EventDate "2024.03.10"]
[EventType "swiss"]
[EventCountry "CZE"]
[SourceTitle "playchess.com"]
[Source "ChessBase"]
[SourceQuality "1"]
[TimeControl "40/5400+30:1800+30"]

1. Nf3 d5 2. g3 Nf6 3. Bg2 c5 4. O-O Nc6 5. d4 e6 6. c4 Be7 7. Nc3 O-O 8. dxc5 Bxc5 9. cxd5 Nxd5 10. Nxd5 exd5 11. Qd3 h6 12. Rd1 Be6 13. Be3 Nb4 14. Qc3 Bxe3 15. Qxb4 Qb6 16. Qxb6 Bxb6 17. Rd3 Rfd8 18. Rad1 Rd6 19. Nd4 a6 20. Nc2 a5 21. Bxd5 Bxd5 22. Rxd5 Rxd5 23. Rxd5 Rc8 24. Na3 Rc1+ 25. Kg2 Bc5 26. Rd3 Ra1 27. Rb3 a4 28. Rc3 Bb4 29. Nc2 Bxc3 30. Nxa1 Bxb2 31. Nc2 f6 32. Kf3 Kf7 33. Ke4 Ke6 34. Nb4 f5+ 35. Kd3 Kd6 36. Kc4 g5 37. f3 a3 38. Nd3 Bg7 39. e4 g4 40. exf5 gxf3 41. g4 Bf6 42. Nc5 Bh4 0-1

[Event "Czech Youth U12 Boys 2024"]
[Site "Kouty nad Desnou"]
[Date "2024.03.16"]
[Round "9.3"]
[White "Kolar, Edvard"]
[Black "Zrust, Lukas"]
[Result "1-0"]
[ECO "A50"]
[WhiteElo "1759"]
[BlackElo "1893"]
[Annotator "NA RC"]
[PlyCount "55"]
[EventDate "2024.03.10"]
[EventType "swiss"]
[EventCountry "CZE"]
[SourceTitle "playchess.com"]
[Source "ChessBase"]
[SourceQuality "1"]
[TimeControl "40/5400+30:1800+30"]

1. d4 Nf6 2. c4 g6 3. h4 h5 4. Nc3 d5 5. Bg5 c6 6. e3 Bf5 7. Be2 Bg7 8. Nf3 O-O 9. Ne5 Ne4 10. g4 hxg4 11. Nxg4 Nxg5 12. hxg5 dxc4 13. Nh6+ Bxh6 14. Rxh6 Kg7 15. Bg4 Bxg4 16. Qxg4 Rh8 17. Ke2 Rxh6 18. gxh6+ Kh7 19. Ne4 Qd7 20. Ng5+ Kg8 21. h7+ Kg7 22. h8=Q+ Kxh8 23. Qh4+ Kg7 24. Qh7+ Kf6 25. Qxf7+ Kxg5 26. Qf4+ Kh5 27. Rh1+ Qh3 28. Rxh3# 1-0

[Event "Czech Youth U12 Boys 2024"]
[Site "Kouty nad Desnou"]
[Date "2024.03.16"]
[Round "9.4"]
[White "Bara, Jan"]
[Black "Hladky, Mikulas"]
[Result "1/2-1/2"]
[ECO "A13"]
[WhiteElo "1852"]
[BlackElo "1798"]
[Annotator "NA RC"]
[PlyCount "98"]
[EventDate "2024.03.10"]
[EventType "swiss"]
[EventCountry "CZE"]
[SourceTitle "playchess.com"]
[Source "ChessBase"]
[SourceQuality "1"]
[TimeControl "40/5400+30:1800+30"]

1. Nf3 Nf6 2. c4 e6 3. g3 d5 4. Bg2 dxc4 5. Qa4+ Nbd7 6. Qxc4 a6 7. Qc2 c5 8. O-O Be7 9. d4 O-O 10. Nc3 cxd4 11. Nxd4 Nb6 12. Rd1 Qc7 13. Ne4 Qxc2 14. Nxc2 Nfd5 15. Be3 Nc4 16. Bd4 Bd7 17. b3 Ncb6 18. Nc5 Bc6 19. e4 Nc3 20. Bxc3 Bxc5 21. Bd4 Bxd4 22. Nxd4 Rfd8 23. Nxc6 bxc6 24. Rxd8+ Rxd8 25. Rc1 Rc8 26. Rc5 Kf8 27. Bf1 Nd7 28. Ra5 Nb8 29. Bxa6 Nxa6 30. Rxa6 Rc7 31. Kf1 c5 32. Ke2 c4 33. bxc4 Rxc4 34. Kd3 Rc7 35. a4 h6 36. h3 Ke7 37. f4 g6 38. g4 Rd7+ 39. Ke3 Rc7 40. h4 Rc3+ 41. Kd4 Rg3 42. Ra7+ Kf8 43. f5 gxf5 44. gxf5 exf5 45. exf5 Kg7 46. Ke5 Rh3 47. Ra8 Rxh4 48. a5 Ra4 49. Ra6 h5 1/2-1/2

[Event "Czech Youth U12 Boys 2024"]
[Site "Kouty nad Desnou"]
[Date "2024.03.16"]
[Round "9.5"]
[White "Kala, Jakub"]
[Black "Artamonov, Mikhail"]
[Result "1-0"]
[ECO "E92"]
[WhiteElo "1750"]
[BlackElo "1727"]
[Annotator "NA RC"]
[PlyCount "105"]
[EventDate "2024.03.10"]
[EventType "swiss"]
[EventCountry "CZE"]
[SourceTitle "playchess.com"]
[Source "ChessBase"]
[SourceQuality "1"]
[TimeControl "40/5400+30:1800+30"]

1. Nf3 Nf6 2. c4 d6 3. d4 g6 4. Nc3 Bg7 5. e4 O-O 6. Be2 e5 7. Be3 Ng4 8. Bg5 f6 9. Bc1 Nc6 10. d5 Ne7 11. h3 Nh6 12. h4 Nf7 13. h5 g5 14. Be3 h6 15. Nd2 f5 16. f3 f4 17. Bf2 a6 18. b4 Bd7 19. Qb3 c6 20. c5 cxd5 21. Nxd5 Nc6 22. cxd6 Kh8 23. Bb6 Nd4 24. Qd1 Qc8 25. Rc1 Bc6 26. Ne7 Qd7 27. Ng6+ Kh7 28. Nxf8+ Rxf8 29. Bxd4 exd4 30. Qc2 Kh8 31. Nc4 Bb5 32. Kf2 Rc8 33. Qb3 Rd8 34. Nb6 Qxd6 35. Bxb5 Qxb6 36. Bd3 Ne5 37. a3 a5 38. Rc5 axb4 39. Rb5 Qc6 40. axb4 Qc3 41. Qxc3 dxc3 42. Be2 Rd2 43. Rd5 Rb2 44. b5 Nc4 45. Rd8+ Kh7 46. Rc1 Ne3 47. Rd7 c2 48. Bd3 Rb1 49. Rxb1 cxb1=Q 50. Bxb1 Kg8 51. Rxb7 Nd1+ 52. Ke1 Nc3 53. Bc2 1-0

[Event "Czech Youth U12 Boys 2024"]
[Site "Kouty nad Desnou"]
[Date "2024.03.16"]
[Round "9.6"]
[White "Gresek, Oskar"]
[Black "Sotek, Matej"]
[Result "0-1"]
[ECO "B13"]
[WhiteElo "1629"]
[BlackElo "1716"]
[Annotator "NA RC"]
[PlyCount "140"]
[EventDate "2024.03.10"]
[EventType "swiss"]
[EventCountry "CZE"]
[SourceTitle "playchess.com"]
[Source "ChessBase"]
[SourceQuality "1"]
[TimeControl "40/5400+30:1800+30"]

1. e4 c6 2. d4 d5 3. exd5 cxd5 4. Nf3 Bg4 5. Bd3 Nc6 6. c3 e6 7. O-O Nf6 8. Bg5 h6 9. Bxf6 Qxf6 10. Nbd2 Bd6 11. Re1 O-O 12. h3 Bxf3 13. Nxf3 Rac8 14. Rc1 Rc7 15. Qe2 Rfc8 16. Ra1 a6 17. Kh1 Na5 18. Kg1 Nc4 19. Bxc4 Rxc4 20. Ne5 Bxe5 21. Qxe5 Qxe5 22. Rxe5 b5 23. a3 a5 24. Re3 Kf8 25. Kf1 Ke7 26. Ke2 Kd8 27. Kd2 R4c7 28. f4 Kd7 29. f5 exf5 30. Re5 Kd6 31. Rxf5 f6 32. Rf3 Re8 33. Re3 Rxe3 34. Kxe3 Re7+ 35. Kd3 a4 36. Rb1 Kc6 37. Rf1 Re4 38. Kd2 Re7 39. Kd3 Kd6 40. Kd2 Re6 41. Rb1 f5 42. Rf1 g6 43. Rb1 f4 44. b3 axb3 45. Rxb3 Kc6 46. Rb4 Re3 47. a4 bxa4 48. Rxa4 Rg3 49. Ra6+ Kd7 50. Ra7+ Ke6 51. Ra6+ Kf5 52. Rd6 Rxg2+ 53. Ke1 Ke4 54. Re6+ Kd3 55. Rd6 Rg5 56. Rf6 Kxc3 57. Rxf4 Rf5 58. Rg4 g5 59. Ke2 Rf4 60. Rg3+ Kxd4 61. Ra3 Ke5 62. Ra6 Rf6 63. Ra3 d4 64. Ra5+ Ke4 65. Ra3 Rb6 66. Ra8 Rb2+ 67. Ke1 Rh2 68. Re8+ Kf3 69. Rd8 Rxh3 70. Rxd4 Ke3 0-1

[Event "Czech Youth U12 Boys 2024"]
[Site "Kouty nad Desnou"]
[Date "2024.03.16"]
[Round "9.7"]
[White "Kroulik, Stepan"]
[Black "Sudrich, Radek"]
[Result "1-0"]
[ECO "B83"]
[WhiteElo "1683"]
[BlackElo "1998"]
[Annotator "NA RC"]
[PlyCount "37"]
[EventDate "2024.03.10"]
[EventType "swiss"]
[EventCountry "CZE"]
[SourceTitle "playchess.com"]
[Source "ChessBase"]
[SourceQuality "1"]
[TimeControl "40/5400+30:1800+30"]

1. e4 c5 2. Nc3 e6 3. Nf3 Nc6 4. Be2 Be7 5. O-O d6 6. d4 cxd4 7. Nxd4 Nf6 8. Be3 O-O 9. f4 a6 10. Qe1 Qb6 11. Nf5 Qc7 12. Nxe7+ Qxe7 13. Qg3 d5 14. f5 Nxe4 15. Nxe4 dxe4 16. f6 g6 17. fxe7 Nxe7 18. Bc5 Nf5 19. Rxf5 1-0

[Event "Czech Youth U12 Boys 2024"]
[Site "Kouty nad Desnou"]
[Date "2024.03.16"]
[Round "9.8"]
[White "Fadrny, Jachym"]
[Black "Sochor, Antonin"]
[Result "0-1"]
[ECO "B07"]
[WhiteElo "1729"]
[BlackElo "1779"]
[Annotator "NA RC"]
[PlyCount "57"]
[EventDate "2024.03.10"]
[EventType "swiss"]
[EventCountry "CZE"]
[SourceTitle "playchess.com"]
[Source "ChessBase"]
[SourceQuality "1"]
[TimeControl "40/5400+30:1800+30"]

1. e4 d6 2. d4 Nf6 3. Nc3 Nbd7 4. Nf3 e5 5. Bc4 h6 6. O-O Be7 7. Re1 c6 8. a4 O-O 9. Be3 Qc7 10. Bb3 b6 11. Qd3 a6 12. Nh4 Kh7 13. Nf5 Qd8 14. Rad1 b5 15. d5 c5 16. axb5 axb5 17. Nxb5 Nb6 18. Ng3 Ng4 19. Na3 Nxe3 20. Qxe3 Bg5 21. Qd3 g6 22. Ne2 f5 23. f3 f4 24. Nc1 Bh4 25. Re2 g5 26. c4 g4 27. Rdd2 Rg8 28. Kf1 gxf3 29. Qxf3 0-1

[Event "Czech Youth U12 Boys 2024"]
[Site "Kouty nad Desnou"]
[Date "2024.03.16"]
[Round "9.9"]
[White "Novotny, Adam"]
[Black "Havlik, David"]
[Result "0-1"]
[ECO "B40"]
[WhiteElo "2072"]
[BlackElo "1580"]
[Annotator "NA RC"]
[PlyCount "52"]
[EventDate "2024.03.10"]
[EventType "swiss"]
[EventCountry "CZE"]
[SourceTitle "playchess.com"]
[Source "ChessBase"]
[SourceQuality "1"]
[TimeControl "40/5400+30:1800+30"]

1. e4 c5 2. Nf3 e6 3. d4 cxd4 4. Nxd4 Nf6 5. Nc3 Nc6 6. Be3 Bb4 7. Bd3 d5 8. f3 O-O 9. O-O Bc5 10. Bb5 e5 11. Nf5 Bxe3+ 12. Nxe3 d4 13. Bxc6 bxc6 14. Qe2 dxc3 15. bxc3 Nh5 16. Rfd1 Qg5 17. g3 f5 18. exf5 Bxf5 19. Nxf5 Rxf5 20. g4 Nf4 21. Qc4+ Kh8 22. Qxc6 Raf8 23. Qa6 Nh3+ 24. Kg2 Rxf3 25. Qc4 R3f4 26. Qd3 Rxg4+ 0-1

[Event "Czech Youth U12 Boys 2024"]
[Site "Kouty nad Desnou"]
[Date "2024.03.16"]
[Round "9.10"]
[White "Zvolanek, Vojtech"]
[Black "Krisica, Lukas"]
[Result "0-1"]
[ECO "B42"]
[WhiteElo "1411"]
[BlackElo "1531"]
[Annotator "NA RC"]
[PlyCount "60"]
[EventDate "2024.03.10"]
[EventType "swiss"]
[EventCountry "CZE"]
[SourceTitle "playchess.com"]
[Source "ChessBase"]
[SourceQuality "1"]
[TimeControl "40/5400+30:1800+30"]

1. e4 c5 2. Nf3 e6 3. d4 cxd4 4. Nxd4 a6 5. Bd3 d6 6. O-O Nd7 7. c4 Ngf6 8. b3 b6 9. Bb2 Bb7 10. Qe2 Be7 11. Nc3 O-O 12. Rae1 Rc8 13. f4 Qc7 14. Kh1 Rfd8 15. Nb1 Nc5 16. e5 Nxd3 17. Qxd3 dxe5 18. fxe5 Nd7 19. Qg3 Nf8 20. Nf3 Ng6 21. Ng5 Rf8 22. Nd2 Qc6 23. Ndf3 Rcd8 24. Re2 Rd3 25. Qg4 Rfd8 26. Ref2 Bxg5 27. Qxg5 Rd1 28. Qe3 R1d3 29. Qe2 Nf4 30. Qc2 h6 0-1

[Event "Czech Youth U12 Boys 2024"]
[Site "Kouty nad Desnou"]
[Date "2024.03.16"]
[Round "9.11"]
[White "Malek, Daniel"]
[Black "Broz, Pavel"]
[Result "1-0"]
[ECO "C57"]
[WhiteElo "2278"]
[BlackElo "1911"]
[Annotator "TA"]
[PlyCount "75"]
[EventDate "2024.03.10"]
[EventType "swiss"]
[EventCountry "CZE"]
[SourceTitle "playchess.com"]
[Source "ChessBase"]
[SourceQuality "1"]
[TimeControl "40/5400+30:1800+30"]

1. e4 e5 2. Nf3 Nc6 3. Bc4 Nf6 4. Ng5 d5 5. exd5 b5 6. Bb3 ({White should play} 6. Bf1 $14) 6... Nxd5 $2 (6... Nd4 $11 {and Black is okay.}) 7. Qf3 (7. Nxf7 $1 $18 Kxf7 8. Qf3+ Ke6 9. Nc3) 7... Be6 (7... Qxg5 $142 8. Bxd5 Nd4 9. Qxf7+ (9. Bxf7+ Ke7 $11) 9... Kd8) 8. Nxe6 $16 {[%emt 0:01:20] White is clearly better.} fxe6 9. Nc3 Nd4 10. Qe4 ({White should try} 10. Qh5+ g6 11. Qxe5) 10... Nxc3 (10... c6 $142) 11. dxc3 Nxb3 12. Qc6+ (12. cxb3 Qd5 13. Qg4 Bc5 $16) 12... Kf7 13. axb3 Qd5 14. Qxc7+ Be7 {[%emt 0:03:28] [#] Hoping for ...Rac8.} 15. O-O (15. Rxa7 $2 Qe4+ (15... Rxa7 16. Qxa7 Ra8 17. Qe3 $17) 16. Be3 Rxa7 17. Qxa7 Qxg2 $19) 15... Rhc8 16. Qa5 b4 17. c4 (17. cxb4 $6 Rxc2 18. Qa6 Qxb3 $14) 17... Qxa5 (17... Qe4 $16 18. Bd2 Qxc2) 18. Rxa5 $18 Rc5 19. Ra6 g5 20. Be3 Rc7 21. g3 h5 22. f4 exf4 23. gxf4 g4 24. f5 e5 25. Rh6 h4 (25... Rcc8 {was necessary.} 26. Kg2 (26. Rxh5 Rh8 $18) 26... Rh8) 26. f6 Bd6 27. c5 Bxc5 28. Rh7+ Kf8 $2 (28... Ke6 $18 29. Rxc7 Bxe3+ 30. Kh1 Bf4) 29. Bxc5+ Rxc5 {[%emt 0:00:20] KRR-KRR} 30. Rh8+ ({Less strong is} 30. Rxh4 Rac8 31. f7 (31. Rxg4 R8c7 $18) 31... Ke7 32. Rxg4 Rxc2 33. Rxb4 R2c7 $18) (30. Rd1 $142 e4 31. Rdd7 (31. Rxh4 Kf7 $16) 31... Rg5 32. f7 (32. Rxa7 Rxa7 33. Rxa7 Rd5 $11) (32. Rxh4 Kg8 $18) 32... Rg8 33. fxg8=N (33. fxg8=R+ Kxg8 34. Rdg7+ Kf8 35. Rxg4 Rd8 36. Rh8+ Ke7 37. Rxe4+ Kf6 38. Rxd8 Kf5) 33... Kxg8 34. Rdg7+ (34. Rxa7 Rd8 $18) (34. Rxh4 g3 $18) 34... Kf8 35. Rxg4) 30... Kf7 31. Rxa8 {[%emt 0:00:17] Threatening mate with Rh8.} Rxc2 32. Rxa7+ {[%emt 0:00:27] White mates.} Kf8 33. Rf2 Rc1+ {[%emt 0:00:29] [#]} 34. Kg2 $1 h3+ 35. Kg3 Rg1+ 36. Kh4 e4 37. f7 e3 38. Ra8+ {[%emt 0:00:22] Weighted Error Value: White=0.22 (precise) /Black=0.66.  Loses game:     	---       	Black=1      Mistake:       	White=2     	Black=5      Inaccurate:     	White=1     	Black=2      OK:         	White=12    	Black=10     Best:        	White=3     	Black=1} 1-0